 Dungeon Crawl Stone Soup version 0.27-a0-972-gd1521fd518 (webtiles) character file.

Game seed: 11722698047083276769

422 tilp the Cutter (level 6, -4/33 HPs)
             Began as a Vine Stalker Brigand on Apr 13, 2021.
             Slain by Menkaure (12 damage)
             ... on level 5 of the Dungeon.
             The game lasted 00:09:22 (5179 turns).

tilp the Cutter (Vine Stalker Brigand)              Turns: 5179, Time: 00:09:22

Health: -4/33      AC:  9    Str: 16    XL:     6   Next: 95%
Magic:  0/7        EV: 10    Int: 11    God:
Gold:   59         SH:  0    Dex: 15    Spells: 5/5 levels left

rFire    . . .     SeeInvis .   a - +2 dagger
rCold    . . .     Faith    .   (no shield)
rNeg     . . .     Spirit   +   f - +0 scale mail
rPois    .         Reflect  .   (no helmet)
rElec    .         Harm     .   c - +2 cloak
rCorr    .         Rampage  .   (no gloves)
Will     .....                  (no boots)
Stlth    ++........             (no amulet)
HPRegen  1.11/turn              (no ring)
MPRegen  0.10/turn              (no ring)

@: no status effects
A: fangs 2, regeneration 1, magic shield, antimagic bite, no potion heal 2
a: no special abilities


You were on level 5 of the Dungeon.
You visited 1 branch of the dungeon, and saw 5 of its levels.

You collected 208 gold pieces.
You spent 149 gold pieces at shops.

Inventory:

Hand Weapons
 a - a +2 dagger (weapon)
 b - a +0 short sword of draining
 s - the +5 trident "Tavuuf" {drain, +Rage rPois rF- rCorr}
   (You found it on level 4 of the Dungeon)

   A truly terrible weapon, it drains the life of those it strikes.
   It makes you vulnerable to fire.
   It protects you from poison.
   It lets you go berserk.
   It protects you from acid and corrosion.
Missiles
 d - 4 poisoned darts (quivered)
 e - a curare-tipped dart {!f}
 t - 7 boomerangs
Armour
 c - a +2 cloak (worn)
 f - a +0 scale mail (worn)
Magical Staves
 j - a staff of earth
Scrolls
 g - a scroll of magic mapping
 h - a scroll of identify
 l - a scroll of summoning {unknown}
 m - 2 scrolls of teleportation
 n - a scroll of holy word {unknown}
 p - a scroll of torment
 r - a scroll of brand weapon {unknown}
 u - a scroll of amnesia {unknown}
Potions
 i - 2 potions of lignification
 k - 3 potions of curing
 o - a potion of magic
 q - a potion of mutation


   Skills:
 - Level 4.0 Fighting
 + Level 5.0 Short Blades
 - Level 1.7 Throwing
 - Level 2.0 Dodging
 - Level 4.8 Stealth


You had 5 spell levels left.
You didn't know any spells.
Your spell library was empty.

Dungeon Overview and Level Annotations

Branches:
Dungeon (5/15)
 Temple: D:4-7

Altars:

Shops:
D:1 ?(!

Annotations:
D:3 2 transporters, Alarkh's ghost, amateur DsTm
D:4 Sigmund
D:5 Menkaure


Innate Abilities, Weirdness & Mutations

You have extremely sharp teeth.
Your natural rate of healing is unusually fast.
When hurt, damage is shared between your health and your magic reserves.
Your bite disrupts and absorbs the magic of your enemies.
Potions cannot restore your health.


Message History

Menkaure giggles, "These cerements are ticklish..."
Menkaure barely misses you.
You hit Menkaure but do no damage. You bite Menkaure, but do no damage.
Menkaure hits you!!
Ouch! That really hurt!
* * * LOW HITPOINT WARNING * * *
You hit Menkaure but do no damage. Your bite misses Menkaure.
You closely miss Menkaure. Your bite misses Menkaure.
Menkaure closely misses you.
You hit Menkaure. You bite Menkaure.
Menkaure's magic leaks into the air.
You drain his magic.
You feel invigorated.
Menkaure is lightly damaged.
Menkaure hits you but does no damage.
You hit Menkaure. Your bite misses Menkaure.
Menkaure is lightly damaged.
You hit Menkaure but do no damage.
Menkaure is lightly damaged.
Menkaure hits you.
* * * LOW HITPOINT WARNING * * *
You hit Menkaure. You bite Menkaure.
Menkaure's magic leaks into the air.
You drain his magic.
You feel invigorated.
Menkaure is heavily damaged.
You hit Menkaure.
Menkaure is heavily damaged.
Menkaure hits you!
* * * LOW HITPOINT WARNING * * *
You hit Menkaure but do no damage. You bite Menkaure, but do no damage.
Menkaure is heavily damaged.
Unknown command.
Your scale mail prevents you from hitting Menkaure.
You bite Menkaure, but do no damage.
Menkaure is heavily damaged.
Menkaure hits you.
* * * LOW HITPOINT WARNING * * *
You hit Menkaure.
Menkaure is severely damaged.
You hit Menkaure.
Menkaure is severely damaged.
Menkaure hits you!
You die...

###### ######### #....#
#..(....# #....########
#...[...#
............###.M.....#
#....######..##.@.....#
.....# ###.##.......#
..)..# #............#
.....# #.##.#.......#
.#########.##.##....###
.### #........#.#####
..........#.#.........
.#.#....###†##...#####
##.#
####...##..######.#


You could see Menkaure.

Vanquished Creatures
  An ice beast (D:5)
  2 scorpions
  A hound (D:5)
  A bullfrog skeleton (D:5)
  5 adders
  2 adder skeletons (D:4)
  3 worms
  A dart slug (D:3)
  5 orcs (D:5)
  8 bats
  5 endoplasms
  4 giant cockroaches
  8 hobgoblins
  5 jackals
  5 quokkas
  3 ball pythons
  9 frilled lizards
  4 goblins
  8 kobolds
  4 rats
84 creatures vanquished.

Notes
Turn   | Place    | Note
-------+----------+-------------------------------------------
     0 | D:1      | tilp the Vine Stalker Brigand began the quest for the Orb.
     0 | D:1      | Reached XP level 1. HP: 11/11 MP: 2/2
   177 | D:1      | Found Caumapn's Antique Weapon Shoppe.
   191 | D:1      | Found Hikemp's Magic Scroll Shop.
   207 | D:1      | Reached skill level 2 in Short Blades
   224 | D:1      | Reached XP level 2. HP: 13/15 MP: 3/3
   880 | D:1      | Found Potuirev's Distillery.
  1120 | D:1      | Bought a potion of curing for 39 gold pieces
  1388 | D:1      | Reached XP level 3. HP: 16/19 MP: 4/4
  2687 | D:3      | Found a faded altar of an unknown god.
  2755 | D:3      | Gained mutation: Your natural rate of healing is unusually
                  | fast. [Vine Stalker growth]
  2755 | D:3      | Reached XP level 4. HP: 23/23 MP: 5/5
  2826 | D:3      | Reached skill level 3 in Short Blades
  2864 | D:3      | Found a transporter.
  2864 | D:3      | Noticed Alarkh's ghost (amateur DsTm)
  3001 | D:3      | Found a transporter.
  3519 | D:1      | Bought a scroll of teleportation for 39 gold pieces
  3739 | D:4      | Noticed a scorpion
  3743 | D:4      | Killed a scorpion
  3744 | D:4      | Reached XP level 5. HP: 29/29 MP: 6/6
  3903 | D:4      | Identified the +5 trident "Tavuuf" {drain, +Rage rPois rF-
                  | rCorr}
  4052 | D:4      | Noticed Sigmund
  4679 | D:1      | Bought a scroll of noise for 13 gold pieces
  4721 | D:1      | Bought a potion of degeneration for 13 gold pieces
  4766 | D:1      | Bought a scroll of magic mapping for 45 gold pieces
  4868 | D:5      | Entered Level 5 of the Dungeon
  4868 | D:5      | Noticed an ice beast
  4943 | D:5      | Reached skill level 4 in Short Blades
  4971 | D:5      | Reached skill level 1 in Dodging
  4971 | D:5      | Reached XP level 6. HP: 33/33 MP: 7/7
  5091 | D:5      | Killed an ice beast
  5123 | D:5      | Reached skill level 5 in Short Blades
  5163 | D:5      | Noticed Menkaure
  5179 | D:5      | Slain by Menkaure

Illustrated notes

Levels and vault maps discovered:
D:1:      evilmike_arrival_crescent, layout_basic, serial_shops,
          nicolae_shop_crystal, shop_scrolls, shop, minmay_misc_feat_doors
D:2:      layout_basic
D:3:      layout_basic, gammafunk_ghost_mausoleum,
          shapermc_ecumenical_altar_totnotflames, minmay_crystal_water
D:4:      layout_basic, nrook_uturn, uniq_sigmund
D:5:      minmay_skewed_foursquare, layout_basic,
          minmay_temple_entry_enclosed_plants, chequers_avenue, uniq_menkaure,
          uniq_duvessa

Skill      XL: |  1  2  3  4  5  6 |
---------------+-------------------+-----
Fighting       | 2 3 4 |  4.0
Short Blades   | 2 3 4 5 |  5.0
Dodging        | 1 2 |  2.0
Throwing       | |  1.7
Stealth        | |  4.8

Action                   |  1- 3 |  4- 6 || total
-------------------------+-------+-------++-------
Melee: Dagger            |   118 |   190 ||   308
       Bite              |    19 |    79 ||    98
Throw: Dart              |     4 |    26 ||    30
  Use: Scroll            |       |     6 ||     6
 Stab: Sleeping          |    13 |     3 ||    16
Armor: Robe              |    21 |       ||    21
       Scale mail        |       |    50 ||    50
Dodge: Dodged            |    53 |    52 ||   105

Table legend: (Time is in decaauts)
 A = Elapsed time spent in this place.
 B = Non-inter-level travel time spent in this place.
 C = Inter-level travel time spent in this place.
 D = Time resting spent in this place.
 E = Time spent auto-exploring this place.
 F = Levels seen in this place.
 G = Mean time per level.
                   A        B        C        D        E       F      G
               +--------+--------+--------+--------+--------+-----+--------+
         Total |   5136 |   4476 |    660 |    296 |   3348 |   5 | 1027.2 |
       Dungeon |   5136 |   4476 |    660 |    296 |   3348 |   5 | 1027.2 |
               +--------+--------+--------+--------+--------+-----+--------+

Top non-repeatable levels by time:
     D:1: 1733 daAuts
     D:2: 1244 daAuts
     D:4: 990 daAuts
     D:3: 905 daAuts
     D:5: 262 daAuts
